 Dungeon Crawl Stone Soup version 0.26-a0-70-g31f1466007 (webtiles) character file.

Game seed: 12985800090764493238

170952 MordorOrchid the Frost Mage (level 17, -2/135 HPs)
             Began as a Ghoul Ice Elementalist on June 13, 2020.
             Was the Champion of Ashenzari.
             Slain by a merfolk
             ... wielding a +0 trident
              (12 damage)
             ... on level 1 of the Shoals on June 14, 2020.
             The game lasted 04:36:54 (26172 turns).

MordorOrchid the Frost Mage (GhIE)                 Turns: 26172, Time: 04:36:55

Health: -2/135     AC: 13    Str: 14    XL:     17   Next: 70%
Magic:  26/41      EV: 16    Int: 15    God:    Ashenzari [******]
Gold:   2171       SH:  8    Dex: 11    Spells: 3/40 levels left

rFire    + . .     SeeInvis +     - Unarmed
rCold    + . .     Gourm    .   i - +2 buckler {reflect} (curse)
rNeg     + + +     Faith    .   J - +3 steam dragon scales (curse)
rPois    ∞         Spirit   .   s - +2 helmet (curse)
rElec    +         Reflect  +   V - scarf {rC+ rF+} (curse)
rCorr    .         Harm     .   (no gloves)
MR       +++..     Clarity  +   p - +0 pair of boots of Tartarus {rElec rC- MR++ Dex+2} (curse)
Stlth    ++........             C - amulet of the acrobat
HPRegen  0.00/turn              f - ring of magical power
MPRegen  0.27/turn              Z - ring of wizardry

@: grasped by roots, stab, rotting, constricted, studying Necromancy, very slow
A: rotting body, claws 1, carnivore, cold resistance 1, negative energy
resistance 3, inhibited regeneration, torment resistance, unbreathing
}: 1/15 runes: gossamer
a: Curse Item, Scrying, Transfer Knowledge, Renounce Religion


You were on level 1 of the Shoals.
You worshipped Ashenzari.
Ashenzari was exalted by your worship.
You were not hungry.

You visited 6 branches of the dungeon, and saw 28 of its levels.
You also visited: Sewer.

You collected 6596 gold pieces.
You spent 4425 gold pieces at shops.

Inventory:

Hand Weapons
 d - a +6 falchion of flaming
Missiles
 e - 61 boomerangs (quivered)
 u - 10 javelins
 B - 19 poisoned darts
 F - 3 curare-tipped darts
 Q - 4 throwing nets
Armour
 i - a cursed +2 buckler of reflection (worn)
 p - the cursed +0 pair of boots of Tartarus (worn) {rElec rC- MR++ Dex+2}
   (You found it on level 3 of the Spider Nest)

   It affects your dexterity (+2).
   It makes you vulnerable to cold.
   It insulates you from electricity.
   It affects your resistance to hostile enchantments.
   It has a curse placed upon it.
 s - a cursed +2 helmet (worn)
 J - cursed +3 steam dragon scales (worn)
 V - a cursed scarf of resistance (worn)
Magical Staves
 O - an uncursed staff of cold
Jewellery
 f - a ring of magical power (left claw)
 C - an amulet of the acrobat (around neck)
 Z - a ring of wizardry (right claw)
Wands
 h - a wand of flame (18)
 w - a wand of digging (5)
 K - a wand of clouds (4)
 M - a wand of disintegration (33)
 T - a wand of acid (3)
 U - a wand of paralysis (1)
Scrolls
 b - 7 scrolls of remove curse
 l - 2 scrolls of immolation
 o - 7 scrolls of teleportation
 y - 4 scrolls of fear
 G - 12 scrolls of identify
 L - 3 scrolls of fog
 W - 2 scrolls of magic mapping
 X - 2 scrolls of vulnerability
 Y - 5 scrolls of blinking
Potions
 n - 5 potions of flight
 r - 5 potions of ambrosia
 v - 3 potions of resistance
 x - 9 potions of heal wounds
 z - 6 potions of brilliance
 A - 11 potions of curing
 D - 4 potions of haste
 R - 3 potions of stabbing
Books
 a - a manual of Necromancy
Miscellaneous
 k - a phantom mirror
 q - a box of beasts
 P - a lightning rod (2/4)
Comestibles
 c - 42 rations


   Skills:
 - Level 8.3 Fighting
 - Level 4.0 Throwing
 - Level 4.0 Armour
 * Level 10.8(13.6) Dodging
 - Level 5.0(8.0) Stealth
 - Level 6.4(9.5) Shields
 - Level 10.3 Unarmed Combat
 + Level 12.0 Spellcasting
 - Level 8.0 Conjurations
 - Level 2.0 Charms
 - Level 6.0 Summonings
 * Level 7.1 Necromancy
 - Level 3.0 Translocations
 - Level 5.0 Transmutations
 * Level 14.1 Ice Magic
 * Level 5.2 Air Magic
   Level 2.2 Earth Magic
 - Level 5.0 Evocations


You had 3 spell levels left.
You knew the following spells:

 Your Spells              Type           Power        Failure   Level  Hunger
a - Freeze                Ice            ####         1%          1    None
b - Frozen Ramparts       Ice            ######       1%          3    None
g - Mephitic Cloud        Conj/Pois/Air  ###.....     1%          3    None
j - Summon Lightning Spi  Summ/Air       ####....     3%          4    ###....
l - Freezing Cloud        Conj/Ice/Air   #####.....   12%         6    ######.
r - Hailstorm             Conj/Ice       #####...     1%          4    ###....
s - Summon Ice Beast      Ice/Summ       #####...     1%          4    ###....
u - Animate Skeleton      Necr           N/A          1%          1    None
x - Blink                 Tloc           N/A          1%          2    None
y - Ozocubu's Armour      Chrm/Ice       ####....     1%          3    None
z - Apportation           Tloc           ###...       1%          1    None
R - Irradiate             Conj/Tmut      ####......   6%          5    #####..

Your spell library contained the following spells:

 Spells                   Type           Power        Failure   Level  Hunger
 Foxfire                  Conj/Fire      ###.         1%          1    None
 Infusion                 Chrm           ###.         1%          1    None
 Magic Dart               Conj           ####         1%          1    None
 Sandblast                Erth           ###...       1%          1    None
 Sting                    Tmut/Pois      ###.         1%          1    None
 Summon Small Mammal      Summ           ####         1%          1    None
 Call Imp                 Summ           ####....     1%          2    None
 Ensorcelled Hibernation  Hex/Ice        ####..       1%          2    None
 Passwall                 Tmut/Erth      ###.....     1%          2    None
 Poisonous Vapours        Pois/Air       ###...       1%          2    None
 Shroud of Golubria       Chrm/Tloc      ###...       1%          2    None
 Call Canine Familiar     Summ           ####....     1%          3    None
 Conjure Flame            Conj/Fire      ###.....     1%          3    None
 Recall                   Summ/Tloc      N/A          1%          3    None
 Stone Arrow              Conj/Erth      ###...       1%          3    None
 Song of Slaying          Chrm           ###.....     2%          2    None
 Summon Guardian Golem    Hex/Summ       ###.....     2%          3    None
 Corona                   Hex            #......      3%          1    None
 Slow                     Hex            #.......     4%          2    None
 Ignite Poison            Fire/Tmut/Pois ##......     4%          3    None
 Spectral Weapon          Hex/Chrm       ##......     6%          3    None
 Inner Flame              Hex/Fire       #.......     10%         3    None
 Tukima's Dance           Hex            #.......     10%         3    None
 Sticky Flame             Conj/Fire      ###.....     6%          4    ###....
 Petrify                  Tmut/Erth      ###.....     8%          4    ###....
 Aura of Abjuration       Summ           ####......   8%          5    #####..
 Borgnjor's Vile Clutch   Necr/Erth      ###.......   13%         5    #####..
 Fireball                 Conj/Fire      ###.......   16%         5    #####..
 Summon Mana Viper        Hex/Summ       ###.....     26%         5    #####..
 Silence                  Hex/Air        ###.......   28%         5    #####..
 Olgreb's Toxic Radiance  Pois           #.......     30%         4    ###....
 Lee's Rapid Deconstruct  Erth           ###.......   32%         5    #####..
 Shadow Creatures         Summ           N/A          38%         6    ######.
 Summon Hydra             Summ           ####......   89%         7    #######
 Malign Gateway           Summ/Tloc      ###.......   98%         7    #######
 Darkness                 Hex            #.........   99%         6    ######.
 Invisibility             Hex            #.......     99%         6    ######.
 Ring of Flames           Chrm/Fire      ##........   100%        7    #######
 Hydra Form               Tmut           Unusable     N/A         6    N/A
 Statue Form              Tmut/Erth      Unusable     N/A         6    N/A
 Dragon Form              Tmut           Unusable     N/A         7    N/A

Dungeon Overview and Level Annotations

Branches:
Dungeon (13/15)            Temple (0/1) D:5            Lair (6/6) D:9
 Shoals (1/4) Lair:2       Spider (4/4) Lair:3        Slime (0/5) Lair:6
    Orc (2/2) D:12            Elf (0/3) Orc:2        Vaults (2/5) D:13
  Sewer (visited)
  Crypt: Vaults:2-3

Altars:
Ashenzari
Fedhas
Gozag
Makhleb
Sif Muna
Beogh
Jiyva

Shops:
D:9 :   Orc:2 (!?}

Portals:
Trove: D:10 (give 12 potions of heal wounds)

Annotations:
Lair:1 exclusion: 2 oklob plants
Lair:6 1 runed translucent door
Shoals:1 Jorgrun
Spider:4 3 runed translucent doors, Gall2222's ghost, adept DDFi
Orc:2 3 runed translucent doors, exclusion: obsidian statue, chispire's ghost, journeyman MiBe
Vaults:2 Asterion; Boris


Innate Abilities, Weirdness & Mutations

Your body is rotting away.
You thrive on raw meat.
You are immune to poison.
You have sharp fingernails.
You are carnivorous and can eat meat at any time.
Your flesh is cold resistant. (rC+)
You are immune to negative energy. (rN+++)
You do not regenerate when monsters are visible.
You are immune to unholy pain and torment.
You can survive without breathing.


Message History

Roots burst forth from the earth!
The grasping roots grab you!
* * * LOW HITPOINT WARNING * * *
The grasping roots constrict you!
The merfolk shouts!
You mangle Jorgrun!!
Jorgrun is severely wounded.
Unknown command.
Your unstable footing causes you to fumble your attack.
Jorgrun is engulfed in freezing vapours.
Jorgrun splashes around in the water.
* * * LOW HITPOINT WARNING * * *
The grasping roots constrict you.
Unknown command.
You feel much better.
The merfolk seems less confused.
Jorgrun is engulfed in freezing vapours.
Jorgrun hits you with a +0 vorpal quarterstaff.
* * * LOW HITPOINT WARNING * * *
x3 The grasping roots constrict you!
The merfolk hits you with a +0 trident!
You die...

, * * , ≈ ≈ ≈≈≈≈, , , , *
,..≈. , , .≈≈≈≈≈, ,* , ,
,, .≈≈≈≈.,,,..≈≈≈≈≈≈. * ,
,,,,, ,..≈≈.. ##..≈≈≈≈≈≈
*** , ≈ ,,
......###..≈≈≈≈≈≈. ,
...≈≈≈........≈≈≈≈, ,
≈,..# ........≈≈m....≈≈≈
, , ,... ,
#....≈m≈≈.....≈≈ ,, **
≈≈≈... *#.≈≈≈@g§......≈
,,,, ,≈ ≈≈≈...
#...<°§§.....≈≈≈, ,,,
≈≈≈m....###....○§§.##..≈≈
,,≈ ≈≈ ≈
.≈........)(§.☼§###.≈≈≈ ≈
≈ ≈
≈≈≈.........≈≈§§§.≈≈≈≈≈≈
≈ ,
≈≈.......))≈≈.§§.≈P≈P≈
,,≈≈..........≈.§#....≈≈≈
≈ ≈≈ ,
..P........≈.###...≈≈≈ ≈≈
≈ ,....###.##...# ..PP≈≈≈
≈ ≈


You could see Jorgrun and 2 merfolk.

Vanquished Creatures
  Sojobo (Vaults:1)
  Rupert (Spider:1)
  A tengu reaver (Vaults:2)
  A vault warden (Vaults:2)
  An orc warlord (Orc:1)
  2 emperor scorpions
  3 ironheart preservers
  4 ghost moths (Spider:4)
  An entropy weaver (Spider:4)
  3 spark wasps (Spider:4)
  3 fire dragons (Vaults:1)
  A merfolk impaler (Shoals:1)
  4 yaktaur captains (Vaults:1)
  A hydra (Lair:2)
  2 rakshasas (Vaults:1)
  A great orb of eyes (Vaults:1)
  A vault guard (D:10)
  Harold (D:8)
  2 centaur warriors
  13 two-headed ogres
  A deep troll earth mage (Vaults:2)
  3 ogre magi
  2 orc high priests
  2 deep elf knights (Vaults:1)
  A slime creature (D:12)
  Nergalle (D:11)
  A skeletal warrior (Vaults:1)
  A shadow wraith (Vaults:2)
  3 unseen horrors
  2 deep trolls (Vaults:2)
  A sea snake (Shoals:1)
  2 wizards (Vaults:2)
  2 deep elf archers (Vaults:1)
  3 harpies (Vaults:1)
  9 orc knights
  3 ironbrand convokers (Vaults:1)
  14 wolf spiders
  4 orc sorcerers
  19 orb spiders
  2 lindwurms (Lair:6)
  An ugly thing (Vaults:1)
  8 deep elf magi (Vaults:1)
  6 cyclopes
  A manticore (D:11)
  2 moths of wrath
  10 black mambas
  3 merfolk sirens (Lair:2)
  Joseph (D:7)
  A guardian serpent (Lair:6)
  Psyche (D:11)
  Maurice (D:8)
  4 torpor snails (Lair:6)
  4 vault sentinels
  6 spiny frogs
  Maggie (D:7)
  4 komodo dragons
  A rime drake (Lair:1)
  3 demonic crawlers
  12 yaktaurs
  2 freezing wraiths (Vaults:1)
  5 trolls
  A polar bear (Lair:6)
  19 jumping spiders
  3 tyrant leeches
  15 hornets
  9 merfolk
  Prince Ribbit (D:5)
  9 blink frogs
  7 hippogriffs
  A snapping turtle (Lair:2)
  Sigmund (D:3)
  17 tarantellas
  40 redbacks
  2 vampires
  4 wraiths
  34 yaks
  8 wyverns
  Grum (D:11)
  6 wargs
  An acid dragon (Vaults:1)
  A swamp drake (D:6)
  5 porcupines
  Duvessa (D:5)
  11 water moccasins
  A sky beast (D:5)
  4 slaves (D:8)
  An ice beast (D:13)
  32 orc warriors
  2 black bears
  10 ogres
  4 wolves
  10 centaurs
  6 crocodiles
  2 big kobolds
  11 bullfrogs
  Dowan (D:5)
  4 earth elementals
  A water moccasin zombie (D:8)
  3 scorpions
  12 killer bees
  4 wights (D:10)
  An electric eel (Lair:6)
  8 howler monkeys
  2 crimson imps
  A bullfrog zombie (D:6)
  A quasit (D:11)
  32 orc priests
  3 centaur skeletons
  A jelly (D:10)
  3 hounds
  31 orc wizards
  Crazy Yiuf (D:5)
  6 iguanas
  13 worker ants
  2 hound skeletons
  A worker ant zombie (D:11)
  4 gnolls (D:8)
  2 river rats (Sewer)
  9 adders
  A shadow imp (D:13)
  5 worms
  A dart slug (D:3)
  7 leopard geckos
  86 orcs
  5 giant cockroaches
  10 goblins
  9 hobgoblins
  4 jackals
  14 kobolds
  4 quokkas
  A ball python (D:2)
  7 bats
  5 frilled lizards
  A giant cockroach zombie (D:5)
  A leopard gecko skeleton (D:6)
  10 rats
  2 butterflies
  A fire vortex (Lair:6)
  A plant (Lair:6)
801 creatures vanquished.

Vanquished Creatures (collateral kills)
  Kirke (Spider:1)
  An emperor scorpion (Spider:4)
  An ironheart preserver (Vaults:1)
  An entropy weaver (Spider:4)
  Josephine (D:11)
  A rakshasa (Vaults:1)
  An ice dragon (Vaults:1)
  3 hydras
  2 centaur warriors
  A two-headed ogre (Vaults:1)
  A death knight (Vaults:1)
  An orc high priest (Orc:2)
  Sonja (Lair:1)
  A skeletal warrior (Vaults:1)
  A deep troll (Vaults:2)
  A flayed ghost (Vaults:1)
  Pikel (D:8)
  A harpy (Vaults:1)
  4 orb spiders
  4 wolf spiders
  3 deep elf magi (Vaults:1)
  A manticore (D:13)
  A centaur zombie (D:10)
  2 black mambas (Lair:6)
  A vault sentinel (Vaults:1)
  3 torpor snails
  5 spiny frogs
  2 komodo dragons
  A yaktaur (Vaults:2)
  2 trolls
  8 jumping spiders
  4 hornets
  4 tyrant leeches
  A slime creature (D:12)
  6 blink frogs
  A hippogriff (D:10)
  3 wraiths
  12 redbacks
  6 tarantellas
  A vampire (D:13)
  6 yaks
  A wyvern (Lair:6)
  A basilisk (Lair:4)
  5 hogs (Spider:1)
  A hungry ghost (D:10)
  2 wargs
  5 water moccasins
  A porcupine (Lair:5)
  An orc warrior (Vaults:1)
  An ogre (Vaults:1)
  2 wolves
  6 crocodiles
  2 bullfrogs
  A killer bee (D:8)
  2 orc wizards
  2 orc priests
  A worker ant (D:12)
  3 orcs
  A fungus (D:13)
140 creatures vanquished.

Vanquished Creatures (others)
  A tengu reaver (Vaults:1)
  An unseen horror (Vaults:1)
  A yaktaur (Vaults:2)
  14 fungi
  18 plants
35 creatures vanquished.

Grand Total: 976 creatures vanquished

Notes
Turn   | Place    | Note
-------+----------+-------------------------------------------
     0 | D:1      | MordorOrchid the Ghoul Ice Elementalist began the quest for
                  | the Orb.
     0 | D:1      | Reached XP level 1. HP: 14/14 MP: 2/2
   144 | D:1      | Reached XP level 2. HP: 11/20 MP: 0/3
   642 | D:1      | Reached XP level 3. HP: 27/27 MP: 3/5
  1295 | D:1      | Learned a level 3 spell: Frozen Ramparts
  1599 | D:2      | Reached skill level 1 in Fighting
  1645 | D:2      | Found a shattered altar of Ashenzari.
  1741 | D:2      | Became a worshipper of Ashenzari the Shackled
  1814 | D:2      | Reached XP level 4. HP: 35/35 MP: 2/6
  2093 | D:2      | Learned a level 3 spell: Ozocubu's Armour
  2214 | D:3      | Noticed Sigmund
  2230 | D:3      | Killed Sigmund
  2230 | D:3      | Reached skill level 1 in Shields
  2230 | D:3      | Reached skill level 5 in Ice Magic
  2230 | D:3      | Reached XP level 5. HP: 22/40 MP: 0/8
  2230 | D:3      | Reached XP level 6. HP: 27/47 MP: 0/9
  2421 | D:3      | Found a glowing drain.
  2459 | Sewer    | Entered a sewer
  2580 | Sewer    | Found a white marble altar of Elyvilon.
  2729 | D:3      | Reached skill level 6 in Ice Magic
  2883 | D:3      | Learned a level 4 spell: Hailstorm
  3110 | D:4      | Reached XP level 7. HP: 48/55 MP: 3/11
  3250 | D:4      | Found a burning altar of Makhleb.
  3753 | D:5      | Entered Level 5 of the Dungeon
  3776 | D:5      | Noticed Duvessa
  3801 | D:5      | Killed Duvessa
  3801 | D:5      | Reached skill level 1 in Charms
  3814 | D:5      | Noticed Dowan
  3830 | D:5      | Killed Dowan
  3849 | D:5      | Found a staircase to the Ecumenical Temple.
  3880 | D:5      | Reached skill level 7 in Ice Magic
  3880 | D:5      | Reached XP level 8. HP: 60/61 MP: 5/13
  3907 | D:5      | Reached * piety under Ashenzari
  4129 | D:5      | Noticed Prince Ribbit
  4169 | D:5      | Found a runed translucent door.
  4170 | D:5      | Noticed Crazy Yiuf
  4186 | D:5      | Killed Crazy Yiuf
  4195 | D:5      | Killed Prince Ribbit
  4195 | D:5      | Reached skill level 5 in Spellcasting
  4229 | D:5      | Learned a level 4 spell: Summon Ice Beast
  4372 | D:6      | Found a shimmering blue altar of Sif Muna.
  4453 | D:6      | Reached skill level 8 in Ice Magic
  4811 | D:6      | Reached XP level 9. HP: 59/67 MP: 7/16
  4885 | D:6      | Reached skill level 1 in Unarmed Combat
  5064 | D:7      | Noticed Maggie
  5115 | D:7      | Killed Maggie
  5172 | D:7      | Noticed Joseph
  5499 | D:7      | Reached skill level 5 in Dodging
  5771 | D:7      | Killed Joseph
  5850 | D:8      | Reached skill level 1 in Summonings
  6107 | D:8      | Noticed Harold
  6152 | D:8      | Killed Harold
  6152 | D:8      | Reached XP level 10. HP: 73/73 MP: 5/18
  6182 | D:8      | Found a roughly hewn altar of Beogh.
  6276 | D:8      | Noticed Maurice
  6290 | D:8      | Killed Maurice
  6291 | D:8      | Noticed Pikel
  6434 | D:8      | Killed Pikel
  6434 | D:8      | Reached skill level 1 in Conjurations
  6434 | D:8      | Reached skill level 9 in Ice Magic
  6885 | D:9      | Found Novatzin's Book Shoppe.
  6988 | D:9      | Reached ** piety under Ashenzari
  7123 | D:9      | Reached skill level 1 in Evocations
  7180 | D:9      | Found a staircase to the Lair.
  7395 | D:10     | Entered Level 10 of the Dungeon
  7485 | D:10     | Reached XP level 11. HP: 82/82 MP: 18/20
  7658 | D:10     | Noticed a vault guard
  7675 | D:10     | Killed a vault guard
  7684 | D:10     | Found a portal to a secret trove of treasure.
  7943 | D:10     | Found the +3 giant club "Skullcrusher" {speed, Str+7}
  8181 | D:11     | Noticed a two-headed ogre
  8515 | D:11     | Reached skill level 1 in Armour
  8587 | D:11     | Noticed Psyche
  8596 | D:11     | Killed Psyche
  8615 | D:11     | Noticed Josephine
  8784 | D:11     | Noticed Nergalle
  8803 | D:11     | Killed Nergalle
  8861 | D:11     | Killed Josephine
  8914 | D:11     | Reached skill level 5 in Unarmed Combat
  9024 | D:11     | Killed a two-headed ogre
  9024 | D:11     | Reached skill level 10 in Ice Magic
  9215 | D:11     | Noticed a two-headed ogre
  9235 | D:11     | Killed a two-headed ogre
  9260 | D:11     | Noticed a manticore
  9274 | D:11     | Noticed an unseen horror
  9280 | D:11     | Killed a manticore
  9280 | D:11     | Reached XP level 12. HP: 82/90 MP: 10/23
  9306 | D:11     | Noticed Grum
  9320 | D:11     | Killed Grum
  9320 | D:11     | Reached skill level 5 in Evocations
  9384 | D:11     | Noticed a two-headed ogre
  9405 | D:11     | Killed a two-headed ogre
  9661 | Lair:1   | Entered Level 1 of the Lair of Beasts
  9693 | Lair:1   | Reached *** piety under Ashenzari
 10208 | D:12     | Found a staircase to the Orcish Mines.
 10724 | Orc:1    | Entered Level 1 of the Orcish Mines
 10788 | Orc:2    | Entered Level 2 of the Orcish Mines
 10881 | Orc:2    | Reached skill level 1 in Throwing
 11354 | Orc:1    | Reached **** piety under Ashenzari
 11788 | Orc:2    | Found a staircase to the Elven Halls.
 12004 | Orc:2    | Noticed an orc high priest
 12103 | Orc:2    | Noticed an orc high priest
 12117 | Orc:1    | Killed an orc high priest
 12117 | Orc:1    | Reached skill level 11 in Ice Magic
 12169 | Orc:1    | Reached skill level 5 in Fighting
 12340 | Orc:2    | Reached XP level 13. HP: 100/100 MP: 24/24
 12494 | Orc:2    | Noticed an orc warlord
 12542 | Orc:1    | Killed an orc warlord
 12542 | Orc:1    | Reached skill level 5 in Stealth
 12714 | Orc:2    | Reached skill level 5 in Conjurations
 13151 | Orc:2    | Found Seco's Gadget Shoppe.
 13151 | Orc:2    | Found Yzobbol's Weapon Shop.
 13153 | Orc:2    | Found Qetoxuok's Distillery.
 13153 | Orc:2    | Found Wuyb's Magic Scroll Shoppe.
 13162 | Orc:2    | Bought a potion of heal wounds for 75 gold pieces
 13163 | Orc:2    | Bought a scroll of identify for 20 gold pieces
 13163 | Orc:2    | Bought a scroll of teleportation for 30 gold pieces
 13164 | Orc:2    | Bought a scroll of summoning for 95 gold pieces
 13164 | Orc:2    | Bought a scroll of immolation for 35 gold pieces
 13164 | Orc:2    | Bought a scroll of identify for 20 gold pieces
 13164 | Orc:2    | Bought a scroll of identify for 20 gold pieces
 13166 | Orc:2    | Bought a scroll of identify for 20 gold pieces
 13166 | Orc:2    | Bought a scroll of identify for 20 gold pieces
 13166 | Orc:2    | Bought a scroll of remove curse for 30 gold pieces
 13243 | Orc:2    | Reached skill level 12 in Ice Magic
 13448 | Orc:2    | Found a runed translucent gate.
 13449 | Orc:2    | Found a runed translucent gate.
 13449 | Orc:2    | Found an opulent altar of Gozag.
 13450 | Orc:2    | Found a runed translucent gate.
 13453 | Orc:2    | Noticed chispire's ghost (journeyman MiBe)
 13517 | Orc:2    | Bought a potion of haste for 150 gold pieces
 13517 | Orc:2    | Bought a potion of cancellation for 120 gold pieces
 13524 | Orc:2    | Bought a lightning rod (4/4) for 600 gold pieces
 13697 | D:9      | Bought a book of Transfigurations for 715 gold pieces
 13703 | D:9      | Learned a level 5 spell: Irradiate
 14118 | Lair:1   | Noticed Sonja
 14161 | Lair:1   | Killed Sonja
 14388 | Lair:2   | Reached skill level 1 in Transmutations
 14675 | Lair:2   | Found a staircase to the Shoals.
 14983 | Lair:2   | Identified a scroll of acquirement
 15339 | Lair:3   | Found a hole to the Spider Nest.
 15593 | Lair:3   | Reached XP level 14. HP: 110/110 MP: 26/26
 16474 | Lair:5   | Reached ***** piety under Ashenzari
 16621 | Lair:5   | Learned a level 4 spell: Summon Lightning Spire
 16706 | Lair:5   | Learned a level 2 spell: Blink
 16710 | Lair:5   | Learned a level 3 spell: Mephitic Cloud
 16868 | Lair:6   | Entered Level 6 of the Lair of Beasts
 17101 | Lair:6   | Reached skill level 13 in Ice Magic
 17171 | Lair:6   | Found a viscous altar of Jiyva.
 17171 | Lair:6   | Found a staircase to the Slime Pits.
 17189 | Lair:6   | Found a runed translucent door.
 17274 | Lair:6   | Reached skill level 1 in Air Magic
 17539 | Lair:6   | Reached skill level 10 in Spellcasting
 17985 | Spider:1 | Entered Level 1 of the Spider Nest
 18046 | Spider:1 | Noticed Rupert
 18090 | Spider:1 | Killed Rupert
 18107 | Spider:1 | Reached skill level 1 in Translocations
 18107 | Spider:1 | Reached XP level 15. HP: 85/118 MP: 16/28
 18148 | Spider:1 | Noticed an emperor scorpion
 18195 | Spider:1 | Killed an emperor scorpion
 18195 | Spider:1 | Reached skill level 5 in Shields
 18367 | Spider:1 | Reached skill level 5 in Summonings
 18373 | Spider:1 | Noticed Kirke
 18384 | Spider:1 | Killed Kirke
 18575 | Spider:1 | Got the Volume of Intimidation
 18636 | Spider:2 | Learned a level 1 spell: Apportation
 18638 | Spider:2 | Learned a level 1 spell: Animate Skeleton
 19253 | Spider:3 | Got the cursed pair of boots of Tartarus {rElec rC- MR++
                  | Dex+2}
 19264 | Spider:3 | Identified the cursed +0 pair of boots of Tartarus {rElec
                  | rC- MR++ Dex+2} (You found it on level 3 of the Spider
                  | Nest)
 19477 | Spider:4 | Entered Level 4 of the Spider Nest
 20164 | Spider:4 | Found a runed translucent gate.
 20164 | Spider:4 | Found a runed translucent gate.
 20164 | Spider:4 | Found a runed translucent gate.
 20165 | Spider:4 | Noticed Gall2222's ghost (adept DDFi)
 20382 | Spider:4 | Noticed an emperor scorpion
 20399 | Spider:4 | Killed an emperor scorpion
 20399 | Spider:4 | Reached skill level 1 in Necromancy
 20445 | Spider:4 | Got MordorOrchid's Handbook of the Mutagenic Entourage
 20660 | Spider:4 | Reached XP level 16. HP: 128/128 MP: 18/29
 21211 | Spider:4 | Reached skill level 10 in Dodging
 21259 | Spider:4 | Got a gossamer rune of Zot
 21561 | D:9      | Bought a book of Clouds for 585 gold pieces
 21561 | D:9      | Bought a manual of Necromancy for 1435 gold pieces
 21561 | D:9      | Bought a book of Geomancy for 455 gold pieces
 21567 | D:9      | Learned a level 5 spell: Borgnjor's Vile Clutch
 21758 | D:13     | Found a gate to the Vaults.
 21956 | D:13     | Found a blossoming altar of Fedhas.
 22111 | D:13     | Reached skill level 5 in Transmutations
 22489 | Vaults:1 | Entered Level 1 of the Vaults
 22505 | Vaults:1 | Reached skill level 1 in Earth Magic
 22528 | Vaults:1 | Reached skill level 10 in Unarmed Combat
 23219 | Vaults:1 | Learned a level 6 spell: Freezing Cloud
 23467 | Vaults:1 | Reached ****** piety under Ashenzari
 23698 | Vaults:1 | Reached XP level 17. HP: 132/134 MP: 3/31
 23886 | Vaults:1 | Reached skill level 5 in Necromancy
 24028 | Vaults:1 | Reached skill level 5 in Air Magic
 24366 | Vaults:2 | Noticed Asterion
 24366 | Vaults:2 | Noticed Sojobo
 24395 | Vaults:1 | Killed Sojobo
 24773 | Vaults:2 | HP: 3/134 [deep troll earth mage[an ironheart preserver]
                  | (6)]
 25541 | Vaults:2 | Reached skill level 14 in Ice Magic
 25632 | Vaults:2 | Noticed Boris
 25961 | Shoals:1 | Entered Level 1 of the Shoals
 25971 | Shoals:1 | Noticed Jorgrun
 26172 | Shoals:1 | Slain by a merfolk

Illustrated notes

Levels and vault maps discovered:
D:1:      dpeg_arrival_rooms_with_view, layout_basic, supply_closet_lemuel,
          minmay_cut_off
D:2:      layout_rooms, nicolae_ashenzari_panopticon
D:3:      layout_loops_ring, cheibrodos_sewer_entry_bend, first_ration,
          uniq_sigmund
D:4:      layout_basic, serial_forest, infiniplex_forest_diagonal,
          infiniplex_forest_lined_corner, infiniplex_forest_lined_4_way,
          infiniplex_forest_fountain, infiniplex_forest_clump_small,
          infiniplex_forest_zigzag_2, infiniplex_forest_clump_diagonal,
          minmay_misc_feat_five, makhleb_heckhound_becter
D:5:      layout_loops_corners, minmay_temple_entry_hall, uniq_duvessa,
          uniq_prince_ribbit1, uniq_crazy_yiuf_cottage
D:6:      layout_basic, basic_altar, kennysheep_generic_room_7
D:7:      layout_loops_corners, uniq_joseph, uniq_maggie
D:8:      layout_loops_corners, special_room [special_room_orc], uniq_pikel,
          uniq_maurice, uniq_harold
D:9:      layout_basic, david_lair_shrubbed, serial_shops, nicolae_shop_stone
D:10:     layout_loops_corners, enter_trove_5
D:11:     layout_stronghold, hangedman_fish_farm,
          hangedman_abyss_or_decor_clamps, uniq_josephine, uniq_psyche,
          uniq_nergalle, uniq_grum
D:12:     layout_long_grid, david_orc_3
D:13:     layout_long_grid, david_vaults_1, fedhas_altar_3
Lair:1:   layout_big_grid, eino_small_chamber_without_monster,
          minmay_lair_oklob_chamber, uniq_sonja
Lair:2:   layout_small_grid, elwin_shoals_entry_stream, serial_bayou_shore_b
Lair:3:   layout_cave_pods, spider_nest_entry_webs, grunt_megastairs_5
Lair:4:   layout_small_grid, hibernation_bobbens, grunt_megastairs_2
Lair:5:   layout_small_grid, lemuel_fruit_fields
Lair:6:   wormcave, layout_gridlike, hangedman_lair_tendril_chambers,
          slime_altar_1
Shoals:1: layout_shoals, ebering_ghost_gozag, uniq_jorgrun
Spider:1: layout_spider_delve, uniq_rupert, uniq_kirke
Spider:2: layout_spider_delve
Spider:3: layout_spider_delve
Spider:4: spider_rune_water, ebering_ghost_rock_garden,
          hangedman_stitches_earthworm
Orc:1:    minmay_goldmine, layout_diamond_mine
Orc:2:    grunt_orc_tribal_feast, layout_diamond_mine, ebering_ghost_gozag
Vaults:1: v_misc_29, v_misc_9, ontoclasm_vaults_eye,
          vaults_mumra_minichess_inversion, grunt_vaults_hallway_short,
          nicolae_vaults_angled_halls, layout_vaults_quadrants
Vaults:2: vaults_mumra_bighexcomb, blue_anna_dwarven_crypt, v_misc_16,
          vaults_mumra_minichess, grunt_vaults_trifunnel, vaults_dpeg_spiral,
          v_misc_30, nicolae_vaults_little_squares_6, grunt_vaults_funnel,
          ontoclasm_vaults_ring_small, hangedman_vaults_snaps,
          vaults_room_stairs_pillars, v_rooms_2,
          ontoclasm_vaults_loading_screen, layout_vaults_maze_bifur,
          infiniplex_enter_wizlab_water, uniq_boris, uniq_asterion, uniq_sojobo

Skill      XL: |  1  2  3  4  5  6  7  8  9 10 11 12 13 14 15 16 17 |
---------------+----------------------------------------------------+-----
Spellcasting   | 2 3 4 5 6 7 8 9 10 11 12 | 12.0
Dodging        | 2 3 6 7 8 9 10 | 10.8
Fighting       | 1 2 3 4 5 6 7 8 |  8.3
Stealth        | 3 4 5 |  5.0
Shields        | 1 2 4 5 6 |  6.4
Ice Magic      | 5 6 7 8 9 10 11 12 13 14 | 14.1
Charms         | 1 2 |  2.0
Unarmed Combat | 3 4 5 7 8 9 10 | 10.3
Summonings     | 2 3 4 5 6 |  6.0
Conjurations   | 2 4 5 6 7 8 |  8.0
Evocations     | 1 4 5 |  5.0
Armour         | 2 3 4 |  4.0
Throwing       | 2 3 4 |  4.0
Transmutations | 1 3 4 5 |  5.0
Air Magic      | 1 3 4 5 |  5.2
Translocations | 1 3 |  3.0
Necromancy     | 1 4 7 |  7.1
Earth Magic    | 2 |  2.2

Action                   |  1- 3 |  4- 6 |  7- 9 | 10-12 | 13-15 | 16-18 || total
-------------------------+-------+-------+-------+-------+-------+-------++-------
Melee: Spear             |    69 |    44 |       |       |       |       ||   113
       Unarmed           |     3 |       |    45 |   246 |   592 |   386 ||  1272
       Trident           |       |     6 |    42 |       |       |       ||    48
       Staff             |       |       |       |       |    15 |     3 ||    18
 Fire: Hunting sling     |       |       |       |       |       |     3 ||     3
Throw: Dart              |       |       |    14 |    14 |    72 |     3 ||   103
       Boomerang         |       |       |       |       |    56 |    37 ||    93
       Javelin           |       |       |       |       |       |     8 ||     8
 Cast: Freeze            |    25 |     8 |    30 |    45 |    22 |       ||   130
       Frozen Ramparts   |     4 |    23 |    50 |   107 |   156 |    65 ||   405
       Ozocubu's Armour  |       |       |     6 |    15 |    15 |     5 ||    41
       Summon Ice Beast  |       |       |     5 |    77 |   150 |    68 ||   300
       Hailstorm         |       |       |       |    22 |    18 |     7 ||    47
       Mephitic Cloud    |       |       |       |       |    54 |    58 ||   112
       Apportation       |       |       |       |       |    38 |    19 ||    57
       Summon Lightning  |       |       |       |       |     7 |    53 ||    60
       Blink             |       |       |       |       |     6 |     1 ||     7
       Animate Skeleton  |       |       |       |       |       |    34 ||    34
       Freezing Cloud    |       |       |       |       |       |    27 ||    27
       Irradiate         |       |       |       |       |       |     5 ||     5
Invok: Curse Item        |       |       |       |     2 |       |     3 ||     5
       Scrying           |       |       |       |       |       |     1 ||     1
Evoke: Wand              |       |       |     8 |    11 |    24 |    20 ||    63
       Lightning rod     |       |       |       |       |       |     7 ||     7
  Use: Scroll            |     5 |       |    12 |     9 |    10 |     8 ||    44
       Potion            |       |     1 |     2 |     1 |       |     8 ||    12
 Stab: Sleeping          |     3 |     1 |     3 |     3 |     2 |     1 ||    13
       Invisible         |       |       |     1 |       |       |     4 ||     5
       Distracted        |       |       |       |     1 |     1 |     5 ||     7
       Confused          |       |       |       |       |    30 |    25 ||    55
       Paralysed         |       |       |       |       |    19 |     5 ||    24
  Eat: Chunk             |    10 |     5 |    17 |    97 |   173 |   128 ||   430
       Ration            |       |       |       |       |       |     1 ||     1
Armor: Robe              |    19 |    13 |    24 |       |       |       ||    56
       Skin              |       |       |     9 |       |       |       ||     9
       Steam dragon scal |       |       |    11 |    97 |   153 |   102 ||   363
Dodge: Dodged            |    34 |    34 |    76 |   210 |   416 |   304 ||  1074
Block: Buckler           |    10 |     3 |    49 |   134 |   269 |   174 ||   639

Table legend:
 A = Non-vault XP
 B = Vault XP
 C = Vault XP percentage of total XP
 D = Non-vault monster count
 E = Vault monster count
 F = Vault count percentage of total count
                 A         B        C        D         E       F
            +---------+---------+-------+---------+---------+-------
      Total |  132280 |   93367 |  41.4 |     653 |     281 |  30.1
            +---------+---------+-------+---------+---------+-------
        D:1 |      39 |       9 |  18.8 |      26 |       5 |  16.1
        D:2 |      37 |       0 |   0.0 |       9 |       0 |   0.0
        D:3 |     103 |     237 |  69.7 |      22 |       3 |  12.0
        D:4 |     272 |      40 |  12.8 |      16 |       1 |   5.9
        D:5 |     354 |     525 |  59.7 |       8 |       4 |  33.3
        D:6 |     616 |      33 |   5.1 |      18 |       1 |   5.3
        D:7 |     862 |     875 |  50.4 |       8 |       2 |  20.0
        D:8 |     681 |    2023 |  74.8 |      20 |      18 |  47.4
        D:9 |    1605 |     383 |  19.3 |      18 |       1 |   5.3
       D:10 |    2334 |     908 |  28.0 |      27 |       1 |   3.6
       D:11 |    5750 |    3519 |  38.0 |      26 |      13 |  33.3
       D:12 |    2161 |     474 |  18.0 |      12 |       9 |  42.9
       D:13 |    4041 |     782 |  16.2 |      20 |       2 |   9.1
     Lair:1 |    3767 |     776 |  17.1 |      19 |       1 |   5.0
     Lair:2 |    4425 |    1562 |  26.1 |      19 |       4 |  17.4
     Lair:3 |    3264 |    1898 |  36.8 |      13 |      10 |  43.5
     Lair:4 |    3080 |    1217 |  28.3 |      16 |       6 |  27.3
     Lair:5 |    2406 |       0 |   0.0 |      15 |       0 |   0.0
     Lair:6 |    5420 |   13638 |  71.6 |      25 |      47 |  65.3
   Shoals:1 |    3288 |       0 |   0.0 |       7 |       0 |   0.0
   Spider:1 |   10863 |    4303 |  28.4 |      29 |       7 |  19.4
   Spider:2 |    6954 |       0 |   0.0 |      24 |       0 |   0.0
   Spider:3 |    6960 |     908 |  11.5 |      24 |       4 |  14.3
   Spider:4 |   12756 |   22618 |  63.9 |      33 |      54 |  62.1
      Orc:1 |    4998 |    4030 |  44.6 |      41 |      25 |  37.9
      Orc:2 |    4216 |    3700 |  46.7 |      68 |      16 |  19.0
   Vaults:1 |   28752 |   22279 |  43.7 |      68 |      28 |  29.2
   Vaults:2 |   12276 |    6497 |  34.6 |      22 |       8 |  26.7
      Sewer |       0 |     133 | 100.0 |       0 |      11 | 100.0
            +---------+---------+-------+---------+---------+-------
